 Dungeon Crawl Stone Soup version 0.23.2-1-ga50397a (webtiles) character file.

Game seed: 4998137093396727228

548 MovingMist the Shield-Bearer (level 7, -6/44 HPs)
             Began as a Gargoyle Fighter on Apr 17, 2019.
             Was a Follower of Okawaru.
             Mangled by an ogre
             ... wielding a cursed +0 giant spiked club
              (15 damage)
             ... on level 5 of the Dungeon.
             The game lasted 00:07:47 (3302 turns).

MovingMist the Shield-Bearer (Gargoyle Fighter)     Turns: 3302, Time: 00:07:47

Health: -6/44      AC: 27    Str: 16    XL:     7   Next: 28%
Magic:  7/7        EV:  6    Int: 13    God:    Okawaru [*.....]
Gold:   137        SH: 10    Dex: 17    Spells: 6/6 levels left

rFire    . . .     SeeInvis .   a - +1 flail
rCold    . . .     Gourm    .   c - +0 shield
rNeg     + . .     Faith    .   t - +10 chain mail "Rorph" {Str-3 Int+4 Dex+6}
rPois    ∞         Spirit   .   (no helmet)
rElec    +         Reflect  .   (no cloak)
rCorr    .         Harm     .   s - +2 pair of gloves of Lifelessness {rPois Stlth+}
MR       .....                  (no boots)
Stlth    ..........             (no amulet)
HPRegen  0.14/turn              (no ring)
MPRegen  0.10/turn              (no ring)

@: no status effects
A: negative energy resistance 1, electricity resistance, unbreathing,
petrification resistance, rot immunity, AC +4
a: Heroism, Renounce Religion


You were on level 5 of the Dungeon.
You worshipped Okawaru.
Okawaru was aware of your devotion.
You were not hungry.

You visited 2 branches of the dungeon, and saw 6 of its levels.

You collected 137 gold pieces.

Inventory:

Hand Weapons
 a - a +1 flail (weapon)
Armour
 c - a +0 shield (worn)
 p - a +0 chain mail
 s - the +2 pair of gloves of Lifelessness (worn) {rPois Stlth+}
   (You found it on level 4 of the Dungeon)

   It protects you from poison.
   It makes you more stealthy.
 t - the +10 chain mail "Rorph" (worn) {Str-3 Int+4 Dex+6}
   (You found it on level 4 of the Dungeon)

   It affects your strength (-3).
   It affects your intelligence (+4).
   It affects your dexterity (+6).
Jewellery
 g - a cursed amulet of inaccuracy {unknown}
 i - an uncursed ring of positive energy {unknown}
 k - an uncursed amulet of harm {unknown}
 r - a +3 ring of strength {unknown}
Scrolls
 b - a scroll of blinking
 l - a scroll of enchant weapon
 q - a scroll of teleportation
 v - a scroll of identify {unknown}
Potions
 d - a potion of might
 e - 2 potions of curing
 h - a potion of heal wounds {unknown}
 j - 3 potions of brilliance {unknown}
 m - 2 potions of berserk rage {unknown}
 n - 2 potions of haste {unknown}
 o - a potion of ambrosia {unknown}
Comestibles
 f - 6 rations
 u - a chunk of flesh


   Skills:
 + Level 4.8 Fighting
 + Level 3.7 Maces & Flails
 + Level 4.8 Armour
 * Level 2.1 Dodging
 + Level 5.4 Shields


You had 6 spell levels left.
You didn't know any spells.
Your spell library was empty.

Dungeon Overview and Level Annotations

Branches:
Dungeon (5/15)             Temple (1/1) D:4

Altars:
Ashenzari
Dithmenos
Elyvilon
Fedhas
Kikubaaqudgha
Nemelex Xobeh
Okawaru
Ru
Vehumet
Wu Jian
Xom
Yredelemnul
Zin
The Shining One


Innate Abilities, Weirdness & Mutations

You are resistant to torment.
Your stone body is resilient. (AC +4)
You are immune to poison.
You resist negative energy. (rN+)
You are resistant to electric shocks. (rElec)
You can survive without breathing.
You are immune to petrification.
You are immune to rotting.


Message History

You hit the ogre.
The ogre is moderately wounded.
The ogre hits you with a cursed +0 giant spiked club!!
* * * LOW HITPOINT WARNING * * *
You sock the ogre!
The ogre is severely wounded.
You block the ogre's attack.
You sock the ogre!
The ogre is almost dead.
The ogre completely misses you.
You hit the ogre.
The ogre is almost dead.
The ogre hits you but does no damage.
Your shield and chain mail "Rorph" prevent you from hitting the ogre.
The ogre is almost dead.
The ogre completely misses you.
You barely miss the ogre.
The ogre is almost dead.
The ogre hits you with a cursed +0 giant spiked club!
You die...

#..........#..#
#......#......#
#......#.###.#####.#
#......#.###.......#
#......#.#...#######
##....##.#.#.# .
#....##......
....#....##.#.#.##
.......@###.#.#.#
....###O# # # ...
...# ... #.# ##.
.#... #.# .##..## ..
...# .# ...# #. ...#


You could see an ogre.

Vanquished Creatures
  Eustachio (D:5)
  2 phantoms (D:4)
  A bullfrog skeleton (D:2)
  Terence (D:2)
  A worker ant (D:4)
  3 gnolls (D:3)
  4 adders
  An adder skeleton (D:4)
  A worm (D:4)
  2 dart slugs (D:2)
  6 leopard geckos
  6 orcs (D:3)
  5 giant cockroaches
  7 goblins
  8 hobgoblins
  4 jackals (D:2)
  12 kobolds
  A quokka (D:2)
  6 bats
  2 frilled lizards
  A leopard gecko skeleton (D:4)
  2 rats
77 creatures vanquished.

Notes
Turn   | Place    | Note
-------+----------+-------------------------------------------
     0 | D:1      | MovingMist the Gargoyle Fighter began the quest for the
                  | Orb.
     0 | D:1      | Reached XP level 1. HP: 14/14 MP: 1/1
   129 | D:1      | Reached XP level 2. HP: 19/19 MP: 2/2
   771 | D:2      | Reached XP level 3. HP: 22/23 MP: 3/3
   971 | D:2      | Noticed Terence
   990 | D:2      | Killed Terence
   990 | D:2      | Reached skill level 4 in Shields
  1021 | D:2      | Reached XP level 4. HP: 29/29 MP: 4/4
  1216 | D:2      | Found a blossoming altar of Fedhas.
  1541 | D:3      | Reached XP level 5. HP: 33/33 MP: 5/5
  1919 | D:3      | Reached skill level 5 in Shields
  2037 | D:3      | You fall through a shaft!
  2037 | D:4      | Found a staircase to the Ecumenical Temple.
  2040 | D:4      | Got an encrusted chain mail
  2049 | Temple   | Entered the Ecumenical Temple
  2061 | Temple   | Identified the +10 chain mail "Rorph" {Str-3 Int+4 Dex+6}
                  | (You found it on level 4 of the Dungeon)
  2068 | Temple   | Became a worshipper of Warmaster Okawaru
  2117 | D:4      | Noticed a phantom
  2193 | D:4      | HP: 1/33 [worker ant (4)]
  2230 | D:4      | Killed a phantom
  2230 | D:4      | Reached skill level 1 in Dodging
  2230 | D:4      | Reached XP level 6. HP: 6/39 MP: 6/6
  2511 | D:4      | Found a shimmering altar of Xom.
  2513 | D:4      | Found a radiant altar of Vehumet.
  2548 | D:4      | Noticed a phantom
  2598 | D:4      | Killed a phantom
  2670 | D:3      | Found a basalt altar of Yredelemnul.
  2811 | D:3      | Found a white marble altar of Elyvilon.
  2858 | D:4      | Got a pair of faintly glowing gloves
  2864 | D:4      | Identified the +2 pair of gloves of Lifelessness {rPois
                  | Stlth+} (You found it on level 4 of the Dungeon)
  3218 | D:5      | Entered Level 5 of the Dungeon
  3232 | D:5      | Noticed Eustachio
  3276 | D:5      | Killed Eustachio
  3276 | D:5      | Reached * piety under Okawaru
  3276 | D:5      | Reached XP level 7. HP: 37/44 MP: 7/7
  3302 | D:5      | Mangled by an ogre

Skill      XL: |  1  2  3  4  5  6 |
---------------+-------------------+-----
Shields        | 4 5 |  5.4
Fighting       | 4 |  4.8
Armour         | 4 |  4.8
Maces & Flails | 3 |  3.7
Dodging        | 1 2 |  2.1

Action                   |  1- 3 |  4- 6 |  7- 9 || total
-------------------------+-------+-------+-------++-------
Melee: Flail             |   110 |   282 |     8 ||   400
  Use: Scroll            |     4 |     2 |       ||     6
  Eat: Chunk             |     1 |     4 |       ||     5
       Ration            |       |     1 |       ||     1
Armor: Scale mail        |    59 |    81 |       ||   140
       Chain mail        |       |   155 |     1 ||   156
Dodge: Dodged            |    32 |    84 |     3 ||   119
Block: Shield            |    54 |   186 |     2 ||   242
